 Dungeon Crawl Stone Soup version 0.31-a0-810-ga77100ea1a (webtiles) character file.

Game seed: 71886638699502870

154 lunkers the Cleaver (level 5, -10/67 HPs)
             Began as a Meteoran Wanderer on Sept 21, 2023.
             Mangled by Menkaure (13 damage)
             ... on level 4 of the Dungeon.
             The game lasted 00:02:33 (1446 turns).

lunkers the Cleaver (Meteoran Wanderer)             Turns: 1446, Time: 00:02:34

Health: -10/67     AC: 22    Str: 17    XL:     5   Next: 95%
Magic:  6/6        EV:  2    Int: 11    God:
Gold:   112        SH:  0    Dex: 14    Spells: 4/4 levels left

rFire   . . .        a - +2 hand axe
rCold   . . .        (no shield)
rNeg    . . .        c - melded +0 scale mail
rPois   +            (helmet currently unavailable)
rElec   .            (cloak currently unavailable)
rCorr   .            (gloves currently unavailable)
SInv    .            i - melded +1 pair of boots
Will    .....        (no amulet)
Stlth   +            (no ring)
HPRegen 0.31/turn    (no ring)
MPRegen 0.10/turn

%: no passive effects
@: tree-form, glowing
A: stationary, stasis, torment immunity, boosted hp, sense surroundings 1,
otherworldly, glowing, explore regen
a: no special abilities


You were on level 4 of the Dungeon.
You were a tree.
You visited 1 branch of the dungeon, and saw 4 of its levels.

You collected 112 gold pieces.

Inventory:

Hand Weapons
 a - a +2 hand axe (weapon)
 m - a +2 short sword of draining
Armour
 c - a +0 scale mail (melded)
 i - a +1 pair of boots (melded)
Scrolls
 b - a scroll of fog
 d - 2 scrolls of teleportation
 e - 2 scrolls of noise {unknown}
 f - a scroll of acquirement {unknown}
 g - a scroll of amnesia {unknown}
 j - 3 scrolls of revelation {unknown}
 k - 4 scrolls of identify {unknown}
 n - a scroll of fear {unknown}
 o - a scroll of vulnerability {unknown}
Potions
 h - a potion of magic
 p - a potion of curing {unknown}


   Skills:
 - Level 3.2 Fighting
 * Level 8.6 Axes
 - Level 2.1 Armour


You had 4 spell levels left.
You didn't know any spells.
Your spell library was empty.

Dungeon Overview and Level Annotations

Branches:
Dungeon (4/15) Zot: 965
 Temple: D:4-7

Altars:

Shops:
D:1 ?

Annotations:
D:4 Menkaure


Innate Abilities, Weirdness & Mutations

You are a tree.
Your roots penetrate the ground, keeping you stationary.
You cannot be teleported.
You are immune to unholy pain and torment.
Your maximum health is greatly increased.
Your equipment is partially melded.
You passively map a small area around you.
You are easily found by Zot.
You glow in the dark.
You regain HP and MP as you explore.


Message History

* * * LOW HITPOINT WARNING * * *
The orc hits you but does no damage.
It was a potion of lignification.
You turn into a tree.
Your +1 pair of boots melds into your body.
Your +0 scale mail melds into your body.
Your roots penetrate the ground.
The orc hits you but does no damage. x2
You barely miss the orc.
The orc is heavily wounded.
You hit the orc.
You kill the orc!
You hit Menkaure.
Menkaure is lightly damaged.
You hit the orc. The orc hits you but does no damage. Menkaure hits you.
* * * LOW HITPOINT WARNING * * *
You slash Menkaure!
Menkaure is heavily damaged.
You hit the orc.
You kill the orc!
Menkaure hits you but does no damage.
Unknown command.
You hit Menkaure.
Menkaure is heavily damaged.
You closely miss the orc. The orc hits you but does no damage.
Unknown command.
You slash Menkaure!
Menkaure is almost destroyed.
You hit the orc. The orc hits you but does no damage.
Menkaure hits you but does no damage.
Unknown command.
You hit Menkaure.
Menkaure is almost destroyed.
You barely miss the orc. The orc hits you but does no damage.
Menkaure casts a spell.
Menkaure seems to speed up.
Unknown command.
You barely miss Menkaure.
Menkaure is almost destroyed.
You closely miss the orc. The orc hits you but does no damage.
Menkaure hits you!
You die...

, .#... , ,* ,
#......[.#######* *
#....>...##....# , ,
..............#, ,
####......##....# ,
......##....^..# ,
##.....<.......# * #
#.......).M)####...,
*#..#........(.♣oog....
#..#.##.#.#######.....
......#.# , ... * ,
.....#.# .,
,***#[#.##.# * , * ,
#.#....# , , #....###
*,,, ,, ###.####.## ,
.........# *


You could see Menkaure (fast), 2 orcs and a hobgoblin.

Vanquished Creatures
  4 gnolls (D:3)
  5 adders
  2 worms (D:2)
  2 dart slugs (D:3)
  4 orcs
  2 endoplasms (D:1)
  A giant cockroach (D:3)
  4 goblins
  7 hobgoblins
  4 jackals (D:3)
  5 kobolds
  4 quokkas
  5 ball pythons
  5 bats
  3 frilled lizards
  3 rats
60 creatures vanquished.

Notes
Turn   | Place    | Note
-------+----------+-------------------------------------------
     0 | D:1      | lunkers the Meteoran Wanderer began the quest for the Orb.
     0 | D:1      | lunkers set off with the following items: a +2 hand axe, a
                  | scroll of fog, a +0 scale mail, a scroll of teleportation.
     0 | D:1      | Reached XP level 1. HP: 19/19 MP: 2/2
     7 | D:1      | Noticed an anaconda
     7 | D:1      | Noticed a killer bee
     7 | D:1      | Noticed a wyvern
     8 | D:1      | Noticed a black bear
     8 | D:1      | Noticed a swamp worm
    67 | D:1      | Reached XP level 2. HP: 19/26 MP: 3/3
   163 | D:1      | Found Erphexta's Magic Scroll Shoppe.
   314 | D:1      | Reached XP level 3. HP: 29/31 MP: 4/4
   528 | D:2      | Reached skill level 7 in Axes
   566 | D:2      | Reached XP level 4. HP: 30/38 MP: 5/5
   580 | D:2      | Found a faded altar of an unknown god.
   942 | D:2      | Reached XP level 5. HP: 44/44 MP: 6/6
  1121 | D:3      | Reached skill level 8 in Axes
  1432 | D:4      | Noticed Menkaure
  1441 | D:4      | HP: 2/67 [Menkaure (5)]
  1446 | D:4      | Mangled by Menkaure

Illustrated notes

Levels and vault maps discovered:
D:1:      onia_arrival_zoo_common, layout_rooms, serial_shops, shop,
          minmay_crystal_water
D:2:      layout_loops_ring, hellmonk_ecumenical_altar_arch_garden
D:3:      layout_rooms, minmay_ruptured
D:4:      layout_basic, mainiacjoe_overflow_24_doors,
          nicolae_vehumet_altar_sigil, minmay_manual_monstrance, uniq_menkaure,
          uniq_crazy_yiuf_cottage

Skill      XL: |  1  2  3  4  5 |
---------------+----------------+-----
Axes           | 7 8 |  8.6
Fighting       | |  3.2
Armour         | |  2.1

Action                     |  1- 3 |  4- 6 || total
---------------------------+-------+-------++-------
  Melee: Hand axe          |    65 |    93 ||   158
         Punch             |       |     1 ||     1
    Use: Potion            |       |     2 ||     2
 Armour: Scale mail        |    28 |    58 ||    86
         Skin              |       |    11 ||    11
  Dodge: Dodged            |    34 |    34 ||    68

Table legend: (Time is in decaauts)
 A = Elapsed time spent in this place.
 B = Non-inter-level travel time spent in this place.
 C = Inter-level travel time spent in this place.
 D = Time resting spent in this place.
 E = Time spent auto-exploring this place.
 F = Levels seen in this place.
 G = Mean time per level.
                   A        B        C        D        E       F      G
               +--------+--------+--------+--------+--------+-----+--------+
         Total |   1433 |   1404 |     29 |      0 |   1064 |   4 |  358.2 |
       Dungeon |   1433 |   1404 |     29 |      0 |   1064 |   4 |  358.2 |
               +--------+--------+--------+--------+--------+-----+--------+

Top non-repeatable levels by time:
     D:2: 640 daAuts
     D:1: 444 daAuts
     D:3: 302 daAuts
     D:4: 47 daAuts
